 Dungeon Crawl Stone Soup version 0.30.0-29-ga12c61a403 (webtiles) character file.

Game seed: 2055039911545629063

15457 safid the Frost Mage (level 12, -3/103 HPs)
             Began as a Merfolk Ice Elementalist on June 7, 2023.
             Was a High Priest of Vehumet.
             Slain by a minotaur
             ... wielding the +3 war axe of Ash {pain, rPois rF- rC+++ Str-5}
              (23 damage)
             ... in a Gauntlet on June 8, 2023.
             The game lasted 00:31:09 (13577 turns).

safid the Frost Mage (Merfolk Ice Elementalist)    Turns: 13577, Time: 00:31:09

Health: -3/103     AC: 16    Str: 12    XL:     12   Next: 27%
Magic:  24/24      EV: 14    Int: 22    God:    Vehumet [*****.]
Gold:   527        SH:  5    Dex: 15    Spells: 16/27 levels left

rFire   + . .        r - +8 dagger (venom)
rCold   . . .        B - +0 buckler
rNeg    . . .        d - +1 robe {Will+}
rPois   .            g - +0 helmet
rElec   .            (no cloak)
rCorr   .            D - +1 pair of gloves
SInv    +            o - +0 pair of boots {Fly}
Will    ++...        K - amulet of the Seeker {RegenMP Fragile Int+5 Slay+3 SInv}
Stlth   ++           F - ring of protection from fire
HPRegen 0.37/turn    s - ring of willpower
MPRegen 0.59/turn

%: no teleportation
@: ice-armoured, flying, invisible
A: (nimble swimmer 2), mertail, strong 1
a: Renounce Religion


You were in a Gauntlet.
You worshipped Vehumet.
Vehumet was extremely pleased with you.
You visited 3 branches of the dungeon, and saw 13 of its levels.
You also visited: Ossuary and Gauntlet.

You collected 747 gold pieces.
You spent 220 gold pieces at shops.

Inventory:

Hand Weapons
 r - a +8 dagger of venom (weapon)
Missiles
 y - a throwing net
 G - 3 curare-tipped darts
Armour
 d - a +1 robe of willpower (worn)
 g - a +0 helmet (worn)
 o - a +0 pair of boots of flying (worn)
 B - a +0 buckler (worn)
 D - a +1 pair of gloves (worn)
Jewellery
 m - a ring of see invisible
 s - a ring of willpower (right hand)
 A - an amulet of reflection
 F - a ring of protection from fire (left hand)
 H - an amulet of the acrobat
 K - the amulet of the Seeker (around neck) {RegenMP Fragile Int+5 Slay+3 SInv}
   (You found it in a Gauntlet)

   [amulet of magic regeneration]

   It increases your rate of magic regeneration.
   Int:       It affects your intelligence (+5).
   Slay:      It affects your accuracy & damage with ranged weapons and melee
   (+3).
   SInv:      It lets you see invisible.
   Fragile:   It will be destroyed if unequipped.
 L - the ring "Hanueb" {rElec rF- rN+ EV+5}
   (You found it in a Gauntlet)

   [ring of evasion]

   EV:        It affects your evasion (+5).
   rF:        It makes you vulnerable to fire.
   rElec:     It insulates you from electricity.
   rN:        It protects you from negative energy.
Wands
 e - a wand of flame (24)
 j - a wand of digging (8)
 l - a wand of polymorph (8)
 q - a wand of quicksilver (20)
 z - a wand of iceblast (9)
 J - a wand of mindburst (6)
Scrolls
 c - 3 scrolls of blinking
 f - 10 scrolls of teleportation
 i - a scroll of magic mapping
 n - 4 scrolls of identify
 x - a scroll of fog
 I - a scroll of summoning
Potions
 b - a potion of magic
 p - 2 potions of mutation
 t - a potion of brilliance
 u - a potion of cancellation
 v - 5 potions of curing
 w - 4 potions of flight
 C - a potion of lignification
 E - 3 potions of haste


   Skills:
 + Level 12.3 Fighting
 + Level 5.5 Dodging
 - Level 2.1 Stealth
 - Level 6.0 Shields
 + Level 8.4 Spellcasting
 + Level 13.1 Ice Magic


You had 16 spell levels left.
You knew the following spells:

 Your Spells              Type           Power      Damage    Failure   Level
a - Freeze                Ice            100%       1d10      1%          1
b - Frozen Ramparts       Ice            100%       1d16      1%          3
c - Ozocubu's Armour      Ice            61%        N/A       1%          3
d - Olgreb's Toxic Radia  Pois           9%         N/A       24%         4

Your spell library contained the following spells:

 Spells                   Type           Power      Damage    Failure   Level
 Iskenderun's Battlesphe  Conj           9%         2d6       52%         5
 Summon Ice Beast         Ice/Summ       38%        N/A       6%          4
 Apportation              Tloc           18%        N/A       10%         1
 Necrotise                Necr           36%        1d5       10%         1
 Summon Small Mammal      Summ           36%        N/A       10%         1
 Summon Guardian Golem    Hex/Summ       9%         N/A       28%         3
 Animate Armour           Summ/Erth      18%        N/A       67%         4
 Blade Hands              Tmut           4%         N/A       95%         5
 Iron Shot                Conj/Erth      4%         9d2       96%         6
 Orb of Destruction       Conj           4%         9d5       100%        7
 Spellforged Servitor     Conj/Summ      4%         N/A       100%        7


Dungeon Overview and Level Annotations

Branches:
Dungeon (11/15)            Temple (1/1) D:4            Lair (1/5) D:11
    Orc (0/2) D:10        Ossuary (visited)         Gauntlet (1/1)

Altars:
Ashenzari
Cheibriados
Dithmenos
Elyvilon
Fedhas
Gozag
Hepliaklqana
Kikubaaqudgha
Makhleb
Nemelex Xobeh
Okawaru
Qazlal
Ru
Sif Muna
Trog
Uskayaw
Vehumet
Wu Jian
Xom
Yredelemnul
Zin
The Shining One

Shops:
D:5 (   D:7 **   D:9 [?*((   D:11 [

Annotations:
D:3 4 transporters, Sabo's ghost, amateur DsGl
D:8 1 runed translucent door, woowoo's ghost, novice OgCA
D:9 1 runed translucent door, superbruh's ghost, novice DsMo Gauntlet 15 runed translucent doors, 8 transporters


Innate Abilities, Weirdness & Mutations

((You are very nimble when in or above water. (Stealth+, EV+, Speed+++)))
Your lower body shifts to a powerful aquatic tail in water.
Your muscles are strong. (Str +4, Int/Dex -1)


Message History

The wall freezes the minotaur but does no damage.
The minotaur hits you with the +3 war axe of Ash {pain, rPois rF- rC+++ Str-5}!
* * * LOW HITPOINT WARNING * * *
You writhe in agony.
* * * LOW HITPOINT WARNING * * *
The minotaur misses you.
The wall freezes the minotaur but does no damage.
The minotaur barely misses you.
The minotaur gores you but does no damage.
Unknown command.
You feel much better.
The wall freezes the minotaur but does no damage.
The minotaur hits you with the +3 war axe of Ash {pain, rPois rF- rC+++ Str-5}!!
You writhe in agony.
* * * LOW HITPOINT WARNING * * *
The minotaur gores you but does no damage.
Unknown command.
You closely miss the minotaur.
The minotaur is severely wounded.
The wall freezes the minotaur but does no damage.
The minotaur hits you with the +3 war axe of Ash {pain, rPois rF- rC+++ Str-5}!!
* * * LOW HITPOINT WARNING * * *
You writhe in agony.
* * * LOW HITPOINT WARNING * * *
The minotaur gores you but does no damage.
You feel much better.
The wall freezes the minotaur but does no damage.
The minotaur misses you. The minotaur gores you!
* * * LOW HITPOINT WARNING * * *
Unknown command.
You are confused.
You feel invigorated.
The frozen ramparts melt away.
The minotaur hits you with the +3 war axe of Ash {pain, rPois rF- rC+++ Str-5}!
* * * LOW HITPOINT WARNING * * *
The minotaur barely misses you.
Unknown command.
Unknown command.
You feel better.
You feel less invigorated.
The minotaur hits you with the +3 war axe of Ash {pain, rPois rF- rC+++ Str-5}!!
You die...

#≈8≈#..#.
#######...#..#©
#....##.8.#..#|
#.##.##...#..#.
#.##....8.#..#.
#######.##.##...#..#.
#≈≈≈#.#....##...#..##
#≈≈H#.#.##.##.©.#§...
#≈∩.@.'.##......#§...
#≈≈.#.#.##.##.©.#§...
#≈≈≈#.#....##...#..##
#######.##.##...#..#g
#.##....8.#..#.
#.##.##...#..#.
#....##.8.#..#}
#######...#..#x
#≈8≈#..#.


You could see a minotaur (invisible, unable to see you, very poisoned).

Vanquished Creatures
  A two-headed ogre (D:11)
  A fire crab (Gauntlet)
  A wolf spider (Gauntlet)
  A moth of wrath (Gauntlet)
  2 gargoyles (D:11)
  2 kobold demonologists (D:11)
  Psyche (D:8)
  3 komodo dragons
  3 trolls
  Prince Ribbit (D:5)
  A shadow (D:9)
  22 yaks
  2 wraiths
  A wyvern (D:11)
  2 basilisks (D:11)
  4 humans (D:8)
  4 redbacks (Gauntlet)
  6 fire bats (Gauntlet)
  2 vampire mosquitoes (D:10)
  Menkaure (D:6)
  An acid dragon (D:11)
  2 hell hounds (Gauntlet)
  Duvessa (D:6)
  2 water moccasins (D:7)
  2 orc warriors
  A sky beast (D:4)
  An ice beast (D:5)
  3 ogres
  3 centaurs
  3 elf zombies (Ossuary)
  6 kobold brigands
  Blork the orc (D:6)
  A bullfrog (Lair:1)
  3 scorpions
  7 wights
  Dowan (D:6)
  4 killer bees (D:9)
  3 howler monkeys
  4 centaur zombies (Ossuary)
  5 human zombies (Ossuary)
  2 jellies (D:6)
  3 gnoll boudas
  3 hounds
  5 orc priests
  2 iguanas (D:5)
  2 sleepcaps (D:6)
  7 orc wizards
  3 mummies (Ossuary)
  Robin (D:4)
  13 gnolls
  6 adders
  2 worms (D:2)
  2 dart slugs (D:3)
  33 orcs
  5 bats
  6 endoplasms
  2 giant cockroaches
  17 goblins
  7 hobgoblins
  A jackal (D:3)
  3 quokkas
  3 ball pythons
  2 frilled lizards (D:1)
  36 kobolds
  A rat (D:1)
282 creatures vanquished.

Vanquished Creatures (others)
  A kobold brigand (D:11)
  A kobold (D:9)
2 creatures vanquished.

Grand Total: 284 creatures vanquished

Notes
Turn   | Place    | Note
-------+----------+-------------------------------------------
     0 | D:1      | safid the Merfolk Ice Elementalist began the quest for the
                  | Orb.
     0 | D:1      | Reached XP level 1. HP: 13/13 MP: 3/3
   395 | D:1      | Reached XP level 2. HP: 16/20 MP: 0/5
   813 | D:1      | Found a faded altar of an unknown god.
   818 | D:1      | Reached skill level 1 in Fighting
  1249 | D:2      | Reached XP level 3. HP: 26/26 MP: 2/6
  1820 | D:2      | Learned a level 3 spell: Frozen Ramparts
  1824 | D:2      | Learned a level 3 spell: Ozocubu's Armour
  2006 | D:3      | Reached skill level 5 in Ice Magic
  2007 | D:3      | Reached XP level 4. HP: 32/33 MP: 1/8
  2149 | D:3      | Found a transporter.
  2215 | D:3      | Found a transporter.
  2222 | D:3      | Noticed a kobold demonologist
  2229 | D:3      | Found a transporter.
  2229 | D:3      | Noticed Sabo's ghost (amateur DsGl)
  2552 | D:3      | Found a transporter.
  2692 | D:4      | Noticed a scorpion
  2709 | D:4      | Killed a scorpion
  2710 | D:4      | Reached XP level 5. HP: 22/40 MP: 5/9
  2971 | D:4      | Found a staircase to the Ecumenical Temple.
  2986 | Temple   | Entered the Ecumenical Temple
  3200 | Temple   | Became a worshipper of Vehumet
  3236 | D:4      | Noticed a sky beast
  3237 | D:4      | Noticed Robin
  3249 | D:4      | Gained mutation: Your muscles are strong. (Str +4, Int/Dex
                  | -1) [potion of mutation]
  3260 | D:4      | Killed Robin
  3261 | D:4      | Reached XP level 6. HP: 13/47 MP: 7/11
  3265 | D:4      | Killed a sky beast
  3470 | D:4      | Found a white marble altar of Elyvilon.
  3618 | D:4      | Reached skill level 6 in Ice Magic
  3836 | D:5      | Entered Level 5 of the Dungeon
  3853 | D:5      | Reached * piety under Vehumet
  3853 | D:5      | Offered knowledge of Magic Dart by Vehumet.
  3856 | D:5      | Reached XP level 7. HP: 34/54 MP: 3/13
  4137 | D:5      | Found Piteabof's Antique Weapon Shop.
  4177 | D:5      | Identified the +2 robe of Minor Irritation {Harm Str+2}
  4343 | D:5      | Noticed Prince Ribbit
  4350 | D:5      | Killed Prince Ribbit
  4351 | D:5      | Reached skill level 5 in Fighting
  4351 | D:5      | Reached skill level 7 in Ice Magic
  4553 | D:5      | Reached XP level 8. HP: 62/62 MP: 9/15
  4630 | D:5      | Reached skill level 5 in Spellcasting
  4723 | D:5      | Found a glowing golden altar of the Shining One.
  5042 | D:6      | Noticed Blork the orc
  5051 | D:6      | Killed Blork the orc
  5150 | D:6      | Noticed Dowan
  5150 | D:6      | Noticed Duvessa
  5158 | D:6      | Killed Dowan
  5165 | D:6      | Killed Duvessa
  5383 | D:6      | Noticed Menkaure
  5395 | D:6      | Killed Menkaure
  5396 | D:6      | Reached skill level 8 in Ice Magic
  5746 | D:6      | Found an iron altar of Okawaru.
  5830 | D:6      | Reached XP level 9. HP: 71/71 MP: 12/18
  6102 | D:7      | Found a sand-covered staircase.
  6106 | Ossuary  | Entered an ossuary
  6474 | Ossuary  | Offered knowledge of Static Discharge by Vehumet.
  6491 | Ossuary  | Reached ** piety under Vehumet
  6613 | D:7      | Reached skill level 9 in Ice Magic
  6973 | D:7      | Found Woynn's General Store.
  6975 | D:7      | Found Juaz's Specific Store.
  7557 | D:8      | Noticed Psyche
  7562 | D:8      | Killed Psyche
  7563 | D:8      | Reached skill level 1 in Shields
  7568 | D:8      | Offered knowledge of Dazzling Flash by Vehumet.
  7649 | D:8      | Reached XP level 10. HP: 80/82 MP: 15/21
  8021 | D:8      | Found a glowing silver altar of Zin.
  8121 | D:8      | Found a runed translucent door.
  8122 | D:8      | Found a shimmering altar of Xom.
  8122 | D:8      | Noticed woowoo's ghost (novice OgCA)
  8124 | D:8      | Noticed a +0 war axe of chaos
  8211 | D:9      | Reached skill level 10 in Ice Magic
  8332 | D:9      | Found Waxyjeas's Armour Shop.
  8403 | D:9      | Reached *** piety under Vehumet
  8469 | D:9      | Found a runed translucent door.
  8471 | D:9      | Noticed superbruh's ghost (novice DsMo)
  8601 | D:9      | Offered knowledge of Olgreb's Toxic Radiance by Vehumet.
  8620 | D:9      | Learned a level 4 spell: Olgreb's Toxic Radiance
  8748 | D:9      | Found Tiovy's General Store.
  8978 | D:9      | Reached **** piety under Vehumet
  9129 | D:9      | Noticed a +0 rapier
  9130 | D:9      | Found Keacafut's Weapon Shoppe.
  9131 | D:9      | Noticed a +0 lajatang
  9152 | D:9      | Offered knowledge of Flame Wave by Vehumet.
  9454 | D:9      | Reached skill level 10 in Fighting
  9454 | D:9      | Reached XP level 11. HP: 80/90 MP: 17/23
  9457 | D:9      | Reached skill level 11 in Ice Magic
  9460 | D:9      | Reached skill level 5 in Shields
  9605 | D:9      | Found Ireug's Magic Scroll Boutique.
  9615 | D:9      | Bought a scroll of summoning for 123 gold pieces
  9615 | D:9      | Bought a scroll of blinking for 97 gold pieces
  9679 | D:9      | Found Lubbodut's Antique Weapon Shoppe.
  9817 | D:9      | Identified the +2 trident of the Hummingbird {freeze, *Slow
                  | Will+ Int+2 Dex+3}
  9866 | D:10     | Entered Level 10 of the Dungeon
 10096 | D:10     | Found a staircase to the Orcish Mines.
 10129 | D:10     | Found a sacrificial altar of Ru.
 10936 | D:11     | Noticed a two-headed ogre
 10950 | D:11     | Killed a two-headed ogre
 11141 | D:11     | Reached skill level 12 in Ice Magic
 11162 | D:11     | Reached ***** piety under Vehumet
 11688 | D:11     | Found Qeotsec's Antique Armour Emporium.
 11943 | D:11     | Offered knowledge of Iskenderun's Battlesphere by Vehumet.
 12030 | D:11     | Found a staircase to the Lair.
 12611 | Lair:1   | Entered Level 1 of the Lair of Beasts
 12663 | Lair:1   | Found a gate leading to a gauntlet.
 12685 | Gauntlet | Entered a Gauntlet
 12685 | Gauntlet | Noticed a fire crab
 12685 | Gauntlet | Noticed a moth of wrath
 12685 | Gauntlet | Found a large runed translucent door.
 12685 | Gauntlet | Found a large runed translucent door.
 12685 | Gauntlet | Found a large runed translucent door.
 12685 | Gauntlet | Found a large runed translucent door.
 12685 | Gauntlet | Found a large runed translucent door.
 12685 | Gauntlet | Found a large runed translucent door.
 12685 | Gauntlet | Found a large runed translucent door.
 12685 | Gauntlet | Found a large runed translucent door.
 12685 | Gauntlet | Found a runed translucent door.
 12685 | Gauntlet | Found a runed translucent gate.
 12685 | Gauntlet | Found a transporter.
 12685 | Gauntlet | Found a transporter.
 12685 | Gauntlet | Found a runed translucent gate.
 12685 | Gauntlet | Found a transporter.
 12808 | Gauntlet | Found a transporter.
 12816 | Gauntlet | Noticed a shining eye
 12818 | Gauntlet | Found a transporter.
 12833 | Gauntlet | Found a transporter.
 12835 | Gauntlet | Noticed a catoblepas
 12843 | Gauntlet | Found a transporter.
 12858 | Gauntlet | Found a transporter.
 12864 | Gauntlet | Found a transporter.
 12869 | Gauntlet | Noticed a worldbinder
 12878 | Gauntlet | Found a transporter.
 12880 | Gauntlet | Noticed a wolf spider
 12881 | Gauntlet | Noticed a moth of wrath
 12895 | Gauntlet | Found a transporter.
 12901 | Gauntlet | Found a runed translucent gate.
 12902 | Gauntlet | Found a large runed translucent door.
 12902 | Gauntlet | Found a large runed translucent door.
 12903 | Gauntlet | Found a large runed translucent door.
 12904 | Gauntlet | Found a large runed translucent door.
 12905 | Gauntlet | Found a large runed translucent door.
 12905 | Gauntlet | Found a large runed translucent door.
 12905 | Gauntlet | Found a runed translucent door.
 12906 | Gauntlet | Found a large runed translucent door.
 12907 | Gauntlet | Found a large runed translucent door.
 12942 | Gauntlet | Found a transporter.
 13204 | Gauntlet | Reached XP level 12. HP: 77/102 MP: 17/24
 13214 | Gauntlet | Reached skill level 13 in Ice Magic
 13216 | Gauntlet | Reached skill level 5 in Dodging
 13224 | Gauntlet | Identified the amulet of the Seeker {RegenMP Fragile Int+5
                  | Slay+3 SInv}
 13503 | Gauntlet | Identified the ring "Hanueb" {rElec rF- rN+ EV+5}
 13548 | Gauntlet | Identified the +3 war axe of Ash {pain, rPois rF- rC+++
                  | Str-5}
 13548 | Gauntlet | Noticed a minotaur
 13574 | Gauntlet | HP: 4/103 [minotaur/the +3 war axe of Ash {pain, rPois rF-
                  | rC+++ Str-5} (26)]
 13577 | Gauntlet | Slain by a minotaur

Illustrated notes

Levels and vault maps discovered:
D:1:      erik_arrival_orb_chamber, layout_basic,
          shapermc_ecumenical_altar_acropolis, minmay_crystal_water,
          grunt_decor_one_mirror
D:2:      layout_loops_ring
D:3:      gammafunk_wand_slinger, layout_basic, gammafunk_ghost_mausoleum,
          minmay_bisected
D:4:      layout_basic, old_standard_altar, minmay_temple_entry_gardened_gates,
          st_stairs_1, grunt_decor_arrowhead, uniq_robin
D:5:      layout_rooms, lemuel_round_altar, serial_shops,
          nicolae_shop_just_a_little_nook, uniq_prince_ribbit1
D:6:      layout_loops_ring, lemuel_tele_altar, uniq_menkaure, uniq_duvessa,
          uniq_blork_the_orc
D:7:      layout_rooms, enter_ossuary_5, nicolae_specific_store
D:8:      layout_gridville, zin_academy, ebering_ghost_xom,
          minmay_misc_feat_cross, minmay_ruffians, uniq_psyche
D:9:      layout_cave_pods, serial_shops, nicolae_inconvenience_store,
          nicolae_shop_behind_doors, nicolae_shop_crystal, nicolae_square_shop,
          nicolae_shop_mannequins, ebering_ghost_funeral_grove,
          minmay_misc_feat_columns
D:10:     layout_gridville, mainiacjoe_overflow_alcove_1, orc_0_dummy,
          feat_on_display
D:11:     layout_basic, erik_lair_dragon, serial_shops, kennysheep_little_box
Temple:   minmay_temple_bridge_d
Lair:1:   layout_hall_layers, gammafunk_ghost_wrathful_warriors,
          gauntlet_entry_generic, uniq_gastronok
Gauntlet: gammafunk_gauntlet_shortcut
          [minmay_gauntlet_arena_make_your_own_arena,
          gammafunk_gauntlet_arena_crates, nicolae_gauntlet_arena_x,
          gammafunk_gauntlet_arena_hedges, gammafunk_gauntlet_arena_spirals,
          nicolae_gauntlet_swirl, gauntlet_exit_watery]

Skill      XL: |  1  2  3  4  5  6  7  8  9 10 11 12 |
---------------+-------------------------------------+-----
Fighting       | 1 2 3 4 5 6 8 10 12 | 12.3
Ice Magic      | 5 6 7 8 9 10 12 13 | 13.1
Spellcasting   | 3 4 6 7 8 |  8.4
Dodging        | 3 4 5 |  5.5
Shields        | 1 4 6 |  6.0
Stealth        | |  2.1

Action                     |  1- 3 |  4- 6 |  7- 9 | 10-12 || total
---------------------------+-------+-------+-------+-------++-------
  Melee: Unarmed           |     2 |       |       |       ||     2
         Long sword        |    10 |     7 |       |       ||    17
         Whip              |       |    27 |       |       ||    27
         Dagger            |       |    37 |   351 |   351 ||   739
         Punch             |       |     1 |    11 |       ||    12
   Cast: Freeze            |    37 |     7 |     2 |    14 ||    60
         Frozen Ramparts   |     1 |     5 |    39 |    47 ||    92
         Ozocubu's Armour  |       |     4 |    29 |    28 ||    61
    Use: Potion            |       |     5 |     2 |    10 ||    17
         Scroll            |       |       |    14 |     7 ||    21
   Stab: Sleeping          |     1 |     1 |       |     1 ||     3
         Invisible         |       |       |       |     3 ||     3
 Armour: Robe              |     8 |    31 |   126 |    86 ||   251
  Dodge: Dodged            |    38 |    52 |   190 |   179 ||   459
  Block: Buckler           |       |       |    15 |   188 ||   203
         Reflection        |       |       |    13 |    16 ||    29
